General information
			
			
        
        - name: BNet
 
        - type: Ladder team game (AT/RT)
 
        - host: Battle.net
 
        - saver: TIMG4STRok
 
        
map: Deadlock 
        - players: 8
 
        - length: 23:45
 
        - speed: Fast
 - version: 1.22 W3XP
 - replay type:  

 
» download(249 KB)
Players
        team 1 (winner) 
              
              
1st_Panzer_Div. (
green | 107 APM | 2551 actions | 23:44)
              
 4 Death Knight 
 2 Death Coil
 2 Unholy Aura
 4 Lich 
 2 Frost Nova
 2 Dark Ritual
 4 Crypt Lord 
 2 Impale
 2 Spiked Carapace
 
                » actions 
                
                | Assign group hotkey | 237 |  | 
| Basic commands | 309 |  | 
| Build / train | 92 |  | 
| ESC pressed | 1 |  | 
| Enter build submenu | 30 |  | 
| Enter hero's abilities submenu | 12 |  | 
| Give item / drop item | 1 |  | 
| Remove unit from queue | 1 |  | 
| Right click | 443 |  | 
| Select / deselect | 420 |  | 
| Select group hotkey | 854 |  | 
| Use ability | 151 |  | 
                2551 total
 » units 
                
                | Acolyte | 14 |  | 
| Ghoul | 4 |  | 
| Crypt Fiend | 7 |  | 
| Necromancer | 8 |  | 
| Meatwagon | 3 |  | 
| Obsidian Statue | 3 |  | 
| Banshee | 4 |  | 
                43 total
 » upgrades
                
                | Backpack | 1 |  | 
| Creature Attack | 1 |  | 
| Creature Carapace | 1 |  | 
| Necromancer Training | 2 |  | 
| Skeletal Longevity | 1 |  | 
| Skeletal Mastery | 1 |  | 
| Unholy Strength | 3 |  | 
| Exhume Corpses | 1 |  | 
| Banshee Training | 2 |  | 
| Disease Cloud | 1 |  | 
| Web | 1 |  | 
| Unholy Armor | 1 |  | 
| Burrow | 1 |  | 
                17 total
 » buildings
                
                | Crypt | 1 |  | 
| Ziggurat | 9 |  | 
| Graveyard | 1 |  | 
| Altar of Darkness | 1 |  | 
| Tomb of Relics | 1 |  | 
| Spirit Tower | 2 |  | 
| Halls of the Dead | 1 |  | 
| Nerubian Tower | 2 |  | 
| Necropolis | 4 |  | 
| Black Citadel | 1 |  | 
| Temple of the Damned | 2 |  | 
| Slaughterhouse | 1 |  | 
| Sacrificial Pit | 1 |  | 
                27 total
 » build order
                00:15 Crypt
00:28 Ziggurat
00:55 Graveyard
01:05 Altar of Darkness
01:36 Tomb of Relics
01:55 Ziggurat
04:32 Ziggurat
05:01 Ziggurat
05:27 Spirit Tower
05:58 Halls of the Dead
07:02 Nerubian Tower
07:03 Ziggurat
07:20 Necropolis
07:21 Nerubian Tower
08:29 Black Citadel
08:34 Temple of the Damned
08:36 Slaughterhouse
10:32 Sacrificial Pit
10:52 Ziggurat
12:13 Temple of the Damned
15:55 Ziggurat
17:58 Necropolis
17:59 Ziggurat
21:47 Spirit Tower
22:20 Ziggurat
22:55 Necropolis
23:04 Necropolis
» items
                
                | Rod of Necromancy | 3 |  | 
| Sacrificial Skull | 1 |  | 
| Potion of Healing | 1 |  | 
| Scroll of Town Portal | 3 |  | 
| Orb of Corruption | 2 |  | 
                10 total
  
               
              
              
KNIFE]NOOBELF (
blue | 90 APM | 2138 actions | 23:44)
              
 5 Mountain King 
 3 Storm Bolt
 2 Bash
 5 Archmage 
 3 Summon Water Elemental
 2 Brilliance Aura
 4 Paladin 
 2 Holy Light
 2 Divine Shield
 
                » actions 
                
                | Assign group hotkey | 79 |  | 
| Basic commands | 58 |  | 
| Build / train | 90 |  | 
| ESC pressed | 1 |  | 
| Enter build submenu | 33 |  | 
| Enter hero's abilities submenu | 14 |  | 
| Remove unit from queue | 2 |  | 
| Right click | 1003 |  | 
| Select / deselect | 295 |  | 
| Select group hotkey | 470 |  | 
| Use ability | 93 |  | 
                2138 total
 » units 
                
                | Peasant | 16 |  | 
| Footman | 6 |  | 
| Rifleman | 7 |  | 
| Flying Machine | 12 |  | 
                41 total
 » upgrades
                
                | Gunpowder | 3 |  | 
| Lumber Harvesting | 2 |  | 
| Flak Cannons | 1 |  | 
| Plating | 1 |  | 
                7 total
 » buildings
                
                | Altar of Kings | 1 |  | 
| Barracks | 1 |  | 
| Farm | 8 |  | 
| Lumber Mill | 1 |  | 
| Scout Tower | 12 |  | 
| Arcane Tower | 1 |  | 
| Arcane Vault | 1 |  | 
| Town Hall | 3 |  | 
| Blacksmith | 1 |  | 
| Guard Tower | 6 |  | 
| Keep | 1 |  | 
| Castle | 1 |  | 
| Workshop | 3 |  | 
                40 total
 » build order
                00:05 Altar of Kings
00:21 Barracks
00:35 Farm
01:15 Farm
01:28 Lumber Mill
01:40 Farm
01:57 Scout Tower
02:27 Arcane Tower
03:25 Farm
03:40 Arcane Vault
04:04 Town Hall
04:06 Scout Tower
04:07 Scout Tower
04:09 Scout Tower
04:22 Blacksmith
04:54 Guard Tower
04:56 Scout Tower
04:57 Scout Tower
04:58 Scout Tower
04:59 Scout Tower
05:24 Guard Tower
05:56 Keep
06:21 Guard Tower
06:31 Guard Tower
07:04 Scout Tower
08:40 Scout Tower
08:42 Scout Tower
08:43 Scout Tower
09:09 Castle
09:11 Guard Tower
09:46 Guard Tower
11:22 Workshop
11:23 Workshop
11:27 Workshop
12:12 Farm
12:13 Farm
12:54 Farm
12:55 Farm
18:34 Town Hall
23:19 Town Hall
» items
                
                | Scroll of Regeneration | 3 |  | 
| Lesser Clarity Potion | 2 |  | 
| Potion of Healing | 2 |  | 
| Scroll of Town Portal | 3 |  | 
| Orb of Fire | 1 |  | 
| Boots of Speed | 1 |  | 
                12 total
  
               
              
              
TALONSAREIMBA (
red | 109 APM | 2587 actions | 23:44)
              
 5 Death Knight 
 3 Death Coil
 2 Unholy Aura
 5 Lich 
 3 Frost Nova
 2 Dark Ritual
 3 Dreadlord 
 2 Sleep
 1 Carrion Swarm
 
                » actions 
                
                | Assign group hotkey | 25 |  | 
| Basic commands | 231 |  | 
| Build / train | 57 |  | 
| Enter build submenu | 15 |  | 
| Enter hero's abilities submenu | 14 |  | 
| Right click | 1263 |  | 
| Select / deselect | 361 |  | 
| Select group hotkey | 513 |  | 
| Use ability | 108 |  | 
                2587 total
 » units 
                
                | Acolyte | 2 |  | 
| Ghoul | 3 |  | 
| Crypt Fiend | 4 |  | 
| Frost Wyrm | 7 |  | 
                16 total
 » upgrades
                
                | Creature Attack | 3 |  | 
| Burrow | 1 |  | 
| Web | 1 |  | 
| Creature Carapace | 2 |  | 
| Freezing Breath | 1 |  | 
                8 total
 » buildings
                
                | Crypt | 1 |  | 
| Graveyard | 1 |  | 
| Altar of Darkness | 1 |  | 
| Ziggurat | 8 |  | 
| Tomb of Relics | 1 |  | 
| Spirit Tower | 2 |  | 
| Halls of the Dead | 1 |  | 
| Black Citadel | 1 |  | 
| Sacrificial Pit | 1 |  | 
| Boneyard | 2 |  | 
                19 total
 » build order
                00:07 Crypt
00:18 Graveyard
00:42 Altar of Darkness
00:59 Ziggurat
01:25 Tomb of Relics
02:03 Ziggurat
03:50 Spirit Tower
04:30 Halls of the Dead
04:35 Spirit Tower
04:57 Ziggurat
06:54 Black Citadel
07:06 Ziggurat
07:09 Sacrificial Pit
09:11 Ziggurat
09:17 Boneyard
09:19 Boneyard
12:54 Ziggurat
18:25 Ziggurat
19:42 Ziggurat
» items
                
                | Rod of Necromancy | 2 |  | 
| Potion of Mana | 4 |  | 
| Scroll of Town Portal | 3 |  | 
| Scroll of Healing | 1 |  | 
| Potion of Healing | 1 |  | 
| Orb of Corruption | 1 |  | 
                12 total
  
               
              
              
TIMG4STRok (
orange | 201 APM | 4774 actions | 23:45)
              
 6 Demon Hunter 
 3 Mana Burn
 2 Evasion
 1 Metamorphosis
 
                » actions 
                
                | Assign group hotkey | 16 |  | 
| Basic commands | 183 |  | 
| Build / train | 69 |  | 
| Enter build submenu | 20 |  | 
| Enter hero's abilities submenu | 6 |  | 
| Right click | 2144 |  | 
| Select / deselect | 324 |  | 
| Select group hotkey | 1947 |  | 
| Use ability | 65 |  | 
                4774 total
 » units 
                » upgrades
                
                | Ultravision | 1 |  | 
| Abolish Magic | 1 |  | 
| Strength of the Wild | 3 |  | 
| Reinforced Hides | 3 |  | 
| Well Spring | 1 |  | 
| Vorpal Blades | 1 |  | 
| Druid of the Claw Training | 1 |  | 
                11 total
 » buildings
                
                | Altar of Elders | 1 |  | 
| Moon Well | 5 |  | 
| Hunter's Hall | 1 |  | 
| Ancient of War | 1 |  | 
| Tree of Ages | 1 |  | 
| Tree of Life | 2 |  | 
| Ancient of Lore | 2 |  | 
| Ancient of Wonders | 1 |  | 
| Ancient Protector | 3 |  | 
| Tree of Eternity | 1 |  | 
| Ancient of Wind | 1 |  | 
| Chimaera Roost | 3 |  | 
                22 total
 » build order
                00:04 Altar of Elders
00:18 Moon Well
01:30 Hunter's Hall
01:57 Ancient of War
02:20 Moon Well
02:21 Moon Well
03:33 Tree of Ages
04:46 Tree of Life
05:23 Moon Well
06:25 Ancient of Lore
06:26 Ancient of Lore
06:30 Ancient of Wonders
07:11 Ancient Protector
07:13 Ancient Protector
08:30 Moon Well
09:20 Ancient Protector
13:22 Tree of Life
13:40 Tree of Eternity
22:22 Ancient of Wind
23:31 Chimaera Roost
23:32 Chimaera Roost
23:36 Chimaera Roost
» items
                
                | Scroll of Regeneration | 5 |  | 
| Scroll of Town Portal | 2 |  | 
| Potion of Healing | 1 |  | 
| Boots of Speed | 1 |  | 
| Staff of Teleportation | 1 |  | 
| Orb of Venom | 1 |  | 
| Staff of Preservation | 2 |  | 
                13 total
  
               team 2 (loser) 
              
              
fORGOTTEN_PRO (
pink | 92 APM | 1945 actions | 21:08)
              
 3 Keeper of the Grove 
 2 Entangling Roots
 1 Thorns Aura
 
                » actions 
                
                | Assign group hotkey | 21 |  | 
| Basic commands | 13 |  | 
| Build / train | 66 |  | 
| ESC pressed | 1 |  | 
| Enter build submenu | 21 |  | 
| Enter hero's abilities submenu | 3 |  | 
| Remove unit from queue | 8 |  | 
| Right click | 1401 |  | 
| Select / deselect | 305 |  | 
| Select group hotkey | 49 |  | 
| Use ability | 57 |  | 
                1945 total
 » units 
                
                | Wisp | 26 |  | 
| Huntress | 14 |  | 
| Chimaera | -2 |  | 
| Hippogryph | 6 |  | 
| Archer | 3 |  | 
                47 total
 » upgrades
                » buildings
                
                | Altar of Elders | 1 |  | 
| Moon Well | 6 |  | 
| Hunter's Hall | 1 |  | 
| Ancient of War | 2 |  | 
| Tree of Life | 1 |  | 
| Tree of Ages | 1 |  | 
| Tree of Eternity | 2 |  | 
| Ancient of Wind | 1 |  | 
| Chimaera Roost | 6 |  | 
                21 total
 » build order
                00:19 Altar of Elders
00:33 Moon Well
01:28 Hunter's Hall
01:40 Ancient of War
01:57 Ancient of War
02:16 Moon Well
03:13 Moon Well
05:10 Moon Well
06:19 Tree of Life
06:43 Tree of Ages
10:36 Tree of Eternity
10:38 Ancient of Wind
11:44 Moon Well
13:31 Chimaera Roost
13:32 Chimaera Roost
13:35 Chimaera Roost
15:04 Chimaera Roost
15:07 Chimaera Roost
15:08 Chimaera Roost
15:14 Moon Well
» items
                
                | Scroll of Town Portal | 1 |  | 
| Scroll of Healing | 2 |  | 
                3 total
  
               
              
              
iN[SaNe] (
purple | 36 APM | 854 actions | 23:43)
              
 5 Priestess of the Moon 
 2 Searing Arrows
 3 Trueshot Aura
 
                » actions 
                
                | Basic commands | 46 |  | 
| Build / train | 64 |  | 
| Enter build submenu | 15 |  | 
| Enter hero's abilities submenu | 5 |  | 
| Right click | 475 |  | 
| Select / deselect | 220 |  | 
| Use ability | 29 |  | 
                854 total
 » units 
                
                | Wisp | 10 |  | 
| Huntress | 13 |  | 
| Hippogryph | 11 |  | 
| Dryad | 10 |  | 
| Chimaera | 1 |  | 
| Frost Wyrm | 1 |  | 
                46 total
 » upgrades
                
                | Strength of the Moon | 1 |  | 
| Moon Armor | 1 |  | 
| Strength of the Wild | 2 |  | 
| Reinforced Hides | 2 |  | 
| Abolish Magic | 1 |  | 
                7 total
 » buildings
                
                | Altar of Elders | 1 |  | 
| Moon Well | 6 |  | 
| Hunter's Hall | 1 |  | 
| Ancient of War | 2 |  | 
| Tree of Ages | 1 |  | 
| Tree of Eternity | 1 |  | 
| Ancient of Lore | 1 |  | 
| Ancient of Wind | 1 |  | 
| Chimaera Roost | 1 |  | 
                15 total
 » build order
                00:11 Altar of Elders
00:22 Moon Well
01:34 Hunter's Hall
01:50 Ancient of War
02:08 Ancient of War
02:19 Moon Well
02:31 Moon Well
05:04 Moon Well
09:15 Tree of Ages
11:38 Tree of Eternity
11:45 Ancient of Lore
11:46 Ancient of Wind
13:01 Moon Well
13:38 Moon Well
18:14 Chimaera Roost
 
               
              
              
OMiD_EViL (
teal | 103 APM | 2151 actions | 20:55)
              
 4 Death Knight 
 2 Death Coil
 2 Unholy Aura
 2 Lich 
 1 Frost Nova
 1 Frost Armor
 2 Dark Ranger 
 1 Black Arrow
 1 Silence
 
                » actions 
                
                | Assign group hotkey | 29 |  | 
| Basic commands | 39 |  | 
| Build / train | 97 |  | 
| Enter build submenu | 23 |  | 
| Enter hero's abilities submenu | 9 |  | 
| Remove unit from queue | 2 |  | 
| Right click | 872 |  | 
| Select / deselect | 262 |  | 
| Select group hotkey | 721 |  | 
| Use ability | 97 |  | 
                2151 total
 » units 
                
                | Acolyte | 9 |  | 
| Ghoul | 2 |  | 
| Crypt Fiend | 10 |  | 
| Frost Wyrm | 10 |  | 
                31 total
 » upgrades
                
                | Creature Attack | 3 |  | 
| Creature Carapace | 4 |  | 
| Web | 1 |  | 
                8 total
 » buildings
                
                | Graveyard | 1 |  | 
| Crypt | 1 |  | 
| Altar of Darkness | 1 |  | 
| Ziggurat | 9 |  | 
| Tomb of Relics | 2 |  | 
| Nerubian Tower | 3 |  | 
| Halls of the Dead | 1 |  | 
| Spirit Tower | 14 |  | 
| Black Citadel | 2 |  | 
| Sacrificial Pit | 1 |  | 
| Necropolis | 1 |  | 
| Boneyard | 3 |  | 
                39 total
 » build order
                00:10 Graveyard
00:18 Crypt
00:37 Altar of Darkness
00:46 Ziggurat
01:15 Tomb of Relics
01:54 Ziggurat
03:18 Nerubian Tower
03:18 Nerubian Tower
03:18 Nerubian Tower
04:07 Ziggurat
06:02 Halls of the Dead
06:13 Ziggurat
07:22 Ziggurat
07:24 Ziggurat
08:05 Ziggurat
08:27 Spirit Tower
08:59 Black Citadel
08:59 Black Citadel
09:01 Sacrificial Pit
09:06 Spirit Tower
09:07 Spirit Tower
09:07 Spirit Tower
09:09 Necropolis
09:25 Spirit Tower
09:25 Spirit Tower
09:26 Spirit Tower
10:37 Ziggurat
10:45 Tomb of Relics
11:26 Boneyard
11:27 Boneyard
11:32 Ziggurat
11:33 Boneyard
18:09 Spirit Tower
18:10 Spirit Tower
» items
                
                | Rod of Necromancy | 1 |  | 
| Lesser Clarity Potion | 1 |  | 
| Scroll of Town Portal | 3 |  | 
| Scroll of Protection | 1 |  | 
| Potion of Lesser Invulnerability | 2 |  | 
| Potion of Healing | 1 |  | 
                9 total
  
               
              
              
uNfORgEtTaBl.E (
yellow | 60 APM | 1280 actions | 21:10)
              
 3 Mountain King 
 2 Storm Bolt
 1 Bash
 3 Archmage 
 1 Summon Water Elemental
 2 Brilliance Aura
 
                » actions 
                
                | Build / train | 74 |  | 
| Enter build submenu | 22 |  | 
| Enter hero's abilities submenu | 6 |  | 
| Give item / drop item | 1 |  | 
| Right click | 818 |  | 
| Select / deselect | 289 |  | 
| Use ability | 70 |  | 
                1280 total
 » units 
                
                | Peasant | 15 |  | 
| Footman | 12 |  | 
| Rifleman | 9 |  | 
| Sorceress | 5 |  | 
| Mortar Team | 2 |  | 
| Priest | 2 |  | 
                45 total
 » upgrades
                
                | Sorceress Training | 1 |  | 
| Lumber Harvesting | 1 |  | 
                2 total
 » buildings
                
                | Altar of Kings | 1 |  | 
| Farm | 9 |  | 
| Barracks | 1 |  | 
| Lumber Mill | 1 |  | 
| Arcane Vault | 1 |  | 
| Blacksmith | 1 |  | 
| Keep | 1 |  | 
| Arcane Sanctum | 1 |  | 
| Town Hall | 1 |  | 
| Scout Tower | 5 |  | 
| Guard Tower | 5 |  | 
| Workshop | 1 |  | 
                28 total
 » build order
                00:04 Altar of Kings
00:07 Farm
00:49 Barracks
01:14 Farm
01:26 Lumber Mill
01:57 Farm
02:35 Arcane Vault
02:48 Farm
03:14 Blacksmith
03:28 Farm
04:54 Keep
07:31 Arcane Sanctum
07:37 Town Hall
07:40 Scout Tower
07:45 Scout Tower
08:14 Farm
08:16 Guard Tower
08:16 Guard Tower
08:21 Scout Tower
09:10 Scout Tower
09:27 Guard Tower
09:43 Guard Tower
09:49 Scout Tower
10:05 Workshop
10:26 Guard Tower
12:58 Farm
13:09 Farm
13:12 Farm
» items
                
                | Scroll of Regeneration | 7 |  | 
| Lesser Clarity Potion | 5 |  | 
| Scroll of Town Portal | 1 |  | 
                13 total
  
                Chat log
          (00:04 / All) fORGOTTEN_PRO: anothER 1
(00:09 / All) TALONSAREIMBA: gl hf manner
(00:10 / All) 1st_Panzer_Div.: got your exlax ready?
(00:19 / All) KNIFE]NOOBELF: another what
(00:22 / All) 1st_Panzer_Div.: we're about to take the biggest shit ever all over you guys
(00:24 / All) TIMG4STRok: you ready pink
(00:28 / All) TALONSAREIMBA: why does he need laxatives his butthole is a gaping canyon.
(00:32 / All) KNIFE]NOOBELF: another rape or another you get carried
(00:33 / All) TIMG4STRok: im going to stick my balls in your face all game hope you enjoy
(00:39 / All) 1st_Panzer_Div.: he wukk
(00:45 / Allies) 1st_Panzer_Div.: wait you're good?
(00:49 / All) 1st_Panzer_Div.: wait you're good?
(00:52 / All) TALONSAREIMBA: faster than you can say oh boy oh boy yukk.
(00:53 / All) fORGOTTEN_PRO: NO
(00:55 / All) fORGOTTEN_PRO: WESUCKS
(00:55 / Allies) KNIFE]NOOBELF: im bad
(01:04 / Allies) TALONSAREIMBA: knife suck
(01:09 / All) 1st_Panzer_Div.: you do suck at english
(01:17 / All) TALONSAREIMBA: u know wut else he suck
(01:18 / All) TALONSAREIMBA: cock
(01:43 / All) TIMG4STRok: nice little bitch pink hides from me
(01:49 / All) fORGOTTEN_PRO: hides?
(01:50 / All) fORGOTTEN_PRO: hmM?
(01:56 / All) TALONSAREIMBA: man u sux cock kid
(02:01 / All) fORGOTTEN_PRO: MANNER?
(02:07 / All) 1st_Panzer_Div.: up please
(02:08 / All) TALONSAREIMBA: u start the badmanner
(02:12 / All) TALONSAREIMBA: "gg"
(02:12 / All) KNIFE]NOOBELF: cocks*
(02:14 / All) fORGOTTEN_PRO: say that again
(02:15 / All) TALONSAREIMBA: u remember dat?
(02:16 / All) KNIFE]NOOBELF: he sux cocks kid
(02:23 / All) fORGOTTEN_PRO: check ur chat up
(02:26 / All) fORGOTTEN_PRO: ur seeing things
(02:28 / All) TALONSAREIMBA: "GG"
(02:32 / All) 1st_Panzer_Div.: check what's up your ass
(02:33 / All) TALONSAREIMBA: remember dat?
(02:35 / All) 1st_Panzer_Div.: and we'll check the chat
(02:38 / All) fORGOTTEN_PRO: u again
(02:45 / All) 1st_Panzer_Div.: see talking shit again
(02:57 / All) fORGOTTEN_PRO: keep goin pros
(02:59 / Allies) TIMG4STRok: kotg potm harass
(04:30 / All) TIMG4STRok: god damn
(04:37 / All) TIMG4STRok: 10 hunts entangle and you still cant surround
(04:49 / All) iN[SaNe]: lol some1 cant count
(05:59 / All) TIMG4STRok: 1s
(13:05 / All) TIMG4STRok: you guys are kind of bad
(13:10 / All) fORGOTTEN_PRO: ye
(13:11 / All) fORGOTTEN_PRO: thx
(13:14 / All) 1st_Panzer_Div.: it's ok we're pro
(13:17 / All) TIMG4STRok: a combined 300 hunts and you cant touch me.
(13:21 / All) 1st_Panzer_Div.: you're good by comparison to the rest of b.net
(15:36 / All) iN[SaNe]: pause game plz
(15:37 / All) iN[SaNe]: some1
(15:38 / All) iN[SaNe]: pause
(15:39 / All) TALONSAREIMBA: no thx
(15:40 / All) TALONSAREIMBA: fag
(15:40 / All) TIMG4STRok: one sec
(15:42 / All) TIMG4STRok: hold on pizza
(15:42 / All) TIMG4STRok: stop
(15:43 / All) KNIFE]NOOBELF: pizza
(15:44 / All) TIMG4STRok: one sec
(15:45 / All) 1st_Panzer_Div.: PIZZA!
(15:50 / All) TIMG4STRok: hold on stop the game
(15:58 / All) fORGOTTEN_PRO: cant pause
(15:59 / All) fORGOTTEN_PRO: anymore
(16:00 / All) fORGOTTEN_PRO: sorry
(16:55 / All) TIMG4STRok: stop the game
(17:28 / All) 1st_Panzer_Div.: nice
(17:31 / All) 1st_Panzer_Div.: dispell
(17:41 / All) TALONSAREIMBA: dam
(17:41 / All) TIMG4STRok: ive lost like 3 units this game god damn you guys are bad
(18:50 / All) TIMG4STRok: how do my nuts smell
(19:01 / All) TALONSAREIMBA: pretty good - forggoten_pro
(19:08 / All) fORGOTTEN_PRO: g
(19:10 / All) fORGOTTEN_PRO: GJ
(19:11 / All) fORGOTTEN_PRO: 2-2
(19:12 / All) fORGOTTEN_PRO: now
(19:13 / All) TIMG4STRok: no
(19:14 / All) TIMG4STRok: 1-0
(19:16 / All) TIMG4STRok: fat noob shit
(19:17 / All) fORGOTTEN_PRO: rofl
(19:18 / All) TALONSAREIMBA: lol more like 10-1
(19:19 / All) TIMG4STRok: learn how to count
(19:20 / All) fORGOTTEN_PRO: douche
(19:21 / All) 1st_Panzer_Div.: wait 0-2?
(19:22 / All) iN[SaNe]: u r cocky orange. at least one of ur teammates(green) has a little respect
(19:22 / All) TIMG4STRok: ive never met you before
(19:23 / All) TALONSAREIMBA: against tjoc
(19:23 / All) TIMG4STRok: 1-0
(19:26 / All) 1st_Panzer_Div.: I can't believe how noob you are
(19:29 / All) 1st_Panzer_Div.: at least 1v1 us
(19:34 / All) TIMG4STRok: im cocky because you guys are retards
(19:35 / All) 1st_Panzer_Div.: if you're gonna talk shit
(19:36 / All) TIMG4STRok: uninstall
(19:37 / All) 1st_Panzer_Div.: and be so noob
(19:42 / All) TIMG4STRok: god damn i lose 2 hunts and one yad this entire game
(19:55 / All) 1st_Panzer_Div.: not even creeping an expo?
(19:59 / All) TALONSAREIMBA: lol
(21:12 / All) TIMG4STRok: gg
(21:13 / All) TIMG4STRok: 1-0
(21:14 / All) TIMG4STRok: thanks
(21:16 / All) iN[SaNe]: gg
(21:18 / All) iN[SaNe]: 1-0
(21:26 / All) TIMG4STRok: you can leave now
(21:28 / All) TIMG4STRok: i'll allow it
(21:43 / All) 1st_Panzer_Div.: oh hey he's gosu
(21:46 / All) iN[SaNe]: yea see i have this problem with my computer... sry
(21:48 / All) iN[SaNe]: yea
(21:49 / All) iN[SaNe]: im gosu
(21:51 / All) TIMG4STRok: yo me too
(21:52 / All) TALONSAREIMBA: you lag
(21:53 / All) iN[SaNe]: ill win 1v4
(21:53 / All) TALONSAREIMBA: im sure
(21:54 / All) TALONSAREIMBA: lol
(21:55 / All) TIMG4STRok: i just cant stop owning noobs
(21:55 / All) KNIFE]NOOBELF: h.o pizza
(21:57 / All) TALONSAREIMBA: dam i lag man
(21:59 / All) 1st_Panzer_Div.: you hack?
(22:00 / All) TIMG4STRok: no matter how hard i try
(22:01 / All) TALONSAREIMBA: we lose cause i lag
(22:03 / All) TIMG4STRok: its  just rape 24/7
(22:24 / All) iN[SaNe]: u guys gonna b on wcreplays.com any time soon?
(22:31 / All) TIMG4STRok: http://highper.ch
(22:32 / All) 1st_Panzer_Div.: what?
(22:33 / All) TIMG4STRok: thanks
(22:36 / All) 1st_Panzer_Div.: you gonna be on noob.com?
(22:42 / All) 1st_Panzer_Div.: or you gonna go ahead and uninstall
(22:44 / All) iN[SaNe]: i am already
(22:50 / All) TALONSAREIMBA: migh as well uninstall
(22:51 / All) TALONSAREIMBA: dam
(22:52 / All) TALONSAREIMBA: ur so bad
(22:55 / All) iN[SaNe]: nah chill
(23:00 / All) iN[SaNe]: how old r u
(23:26 / All) TIMG4STRok: Leave Please
(23:27 / All) iN[SaNe]: thats wat i thought
(23:36 / All) iN[SaNe]: yea ill leave
(23:38 / All) iN[SaNe]: gg
(23:40 / All) TIMG4STRok: gg